 Dungeon Crawl Stone Soup version 0.26.1-15-g04117e645d (webtiles) character file.

Game seed: 10636823077185202388

20 Froggeryz the Skirmisher (level 2, -1/24 HPs)
             Began as a Demonspawn Abyssal Knight on May 6, 2022.
             Was a Follower of Lugonu.
             Killed by nerve-wracking pain
             ... invoked by Jessica
              (7 damage)
             ... on level 2 of the Dungeon.
             The game lasted 00:01:43 (1383 turns).

Froggeryz the Skirmisher (DsAK)                     Turns: 1383, Time: 00:01:44

Health: -1/24      AC:  3    Str: 12    XL:     2   Next: 58%
Magic:  4/4        EV: 11    Int: 19    God:    Lugonu [*.....]
Gold:   82         SH:  0    Dex: 12    Spells: 1/1 levels left

rFire    . . .     SeeInvis .   a - +1 mace
rCold    . . .     Faith    .   (no shield)
rNeg     . . .     Spirit   .   b - +0 leather armour
rPois    .         Reflect  .   (no helmet)
rElec    .         Harm     .   (no cloak)
rCorr    .         Rampage  .   (no gloves)
Will     .....     Rnd*Tele +   (no boots)
Stlth    +.........             (no amulet)
HPRegen  0.08/turn              d - +6 ring of intelligence
MPRegen  0.09/turn              i - ring of teleportation (curse)

@: slowed, very slow
A: claws 1
a: Renounce Religion, Depart the Abyss


You were on level 2 of the Dungeon.
You worshipped Lugonu.
Lugonu was aware of your devotion.
You visited 1 branch of the dungeon, and saw 2 of its levels.
You visited the Abyss 1 time.

You collected 82 gold pieces.

Inventory:

Hand Weapons
 a - a +1 mace (weapon)
Armour
 b - a +0 leather armour (worn)
 k - a +0 kite shield
Jewellery
 d - a +6 ring of intelligence (left claw)
 i - a cursed ring of teleportation (right claw)
Scrolls
 h - a scroll of amnesia {unknown}
 l - a scroll of enchant weapon {unknown}
Potions
 c - 2 potions of magic {unknown}
 e - a potion of might {unknown}
 f - 3 potions of heal wounds {unknown}
 g - 2 potions of degeneration {unknown}
 j - a potion of resistance {unknown}


   Skills:
 - Level 3.0 Fighting
 - Level 2.3 Maces & Flails
 - Level 2.0 Armour
 - Level 0.8 Dodging
 * Level 0.9 Unarmed Combat
 + Level 2.7 Invocations


You had one spell level left.
You didn't know any spells.
Your spell library was empty.

Dungeon Overview and Level Annotations

Branches:
Dungeon (2/15)

Altars:

Annotations:
D:2 Jessica


Innate Abilities, Weirdness & Mutations

You have sharp fingernails.


Message History

Jessica is severely wounded.
Jessica hits you but does no damage. Jessica hits you.
You are too injured to fight recklessly!
You are too injured to fight recklessly!
You are too injured to fight recklessly!
You hit Jessica.
Jessica is almost dead.
Jessica points at you and mumbles some strange words.
You resist with some effort. Jessica casts a spell at you.
You feel yourself slow down.
You closely miss Jessica.
Jessica is almost dead.
Jessica hits you. x2
* * * LOW HITPOINT WARNING * * *
You hit Jessica but do no damage.
Jessica is almost dead.
Jessica points at you and mumbles some strange words.
Pain shoots through your body!
You die...

.......>..#
###..##.###
... #.# #
##'## #...#
#...#########
#............
#............
#....@.......
#.....@......
##...........
#...........
#...........
#...........
#.##########
#.


You could see Jessica (fast).

Vanquished Creatures
  A dart slug (D:1)
  A leopard gecko (D:1)
  A ball python (D:1)
  5 bats (D:1)
  3 goblins (D:1)
  A hobgoblin (D:1)
  A kobold (D:1)
  2 frilled lizards (D:1)
  4 rats (D:1)
19 creatures vanquished.

Notes
Turn   | Place    | Note
-------+----------+-------------------------------------------
     0 | Abyss:1  | Froggeryz the Demonspawn Abyssal Knight began the quest for
                  | the Orb.
     0 | Abyss:1  | Reached XP level 1. HP: 18/18 MP: 2/2
    11 | Abyss:1  | Found a corrupted altar of Lugonu.
    18 | Abyss:1  | Found a corrupted altar of Lugonu.
    18 | Abyss:1  | Noticed a big kobold
    18 | Abyss:1  | Noticed a big kobold
    18 | Abyss:1  | Noticed a big kobold
    18 | Abyss:1  | Noticed a big kobold
    18 | Abyss:1  | Noticed a big kobold
    18 | Abyss:1  | Noticed a big kobold
    18 | Abyss:1  | Noticed a big kobold
    18 | Abyss:1  | Noticed a big kobold
    89 | Abyss:1  | Noticed a starcursed mass
    97 | D:1      | Escaped the Abyss
   507 | D:1      | Reached * piety under Lugonu
   554 | D:1      | Gained mutation: You have sharp fingernails. [demonic
                  | ancestry]
   554 | D:1      | Reached XP level 2. HP: 24/24 MP: 3/3
  1367 | D:2      | Noticed Jessica
  1383 | D:2      | Killed from afar by Jessica

Illustrated notes

Levels and vault maps discovered:
D:1:      zelgadis_glass_arrival_small, layout_basic, minmay_tripent
D:2:      layout_basic, uniq_jessica

Skill      XL: |  1 |
---------------+----+-----
Maces & Flails | 2 |  2.3
Armour         | 2 |  2.0
Fighting       | |  3.0
Dodging        | |  0.8
Unarmed Combat | |  0.9
Invocations    | |  2.7

Action                   || total
-------------------------++-------
Melee: Mace              ||    65
Invok: Depart the Abyss  ||     1
Armor: Leather armour    ||    13
Dodge: Dodged            ||    40
